 Dungeon Crawl Stone Soup version 0.25.1-2-g60ff931df9 (webtiles) character file.

Game seed: 11330752213465088667

56 DogServant the Ruffian (level 3, -5/31 HPs)
             Began as a Naga Transmuter on Oct 19, 2020.
             Slain by a gnoll
             ... wielding a +0 spear
              (9 damage)
             ... on level 2 of the Dungeon.
             The game lasted 00:02:09 (1941 turns).

DogServant the Ruffian (Naga Transmuter)            Turns: 1941, Time: 00:02:10

Health: -5/31      AC:  2    Str: 13    XL:     3   Next: 95%
Magic:  6/6        EV: 10    Int: 13    God:
Gold:   36         SH:  0    Dex: 11    Spells: 5/6 levels left

rFire    . . .     SeeInvis +     - Unarmed
rCold    + . .     Gourm    .   (no shield)
rNeg     . . .     Faith    .   b - +0 robe
rPois    +         Spirit   .   (no helmet)
rElec    .         Reflect  .   (no cloak)
rCorr    .         Harm     .   (no gloves)
MR       .....                  (no barding)
Stlth    +.........             (no amulet)
HPRegen  0.10/turn              (no ring)
MPRegen  0.10/turn              g - ring of protection from cold

@: confused, appendage, very slow
A: large, horns 2, see invisible, deformed body, poison resistance, slowness 2,
slow metabolism 1, spit poison 1, AC +1
a: Spit Poison, End Transformation


You were on level 2 of the Dungeon.
You were hungry.
You had grown temporary horns.
You visited 1 branch of the dungeon, and saw 2 of its levels.

You collected 36 gold pieces.

Inventory:

Missiles
 a - 12 arrows
Armour
 b - a +0 robe (worn)
 k - a +0 cloak
Jewellery
 f - an uncursed ring of protection from fire
 g - a ring of protection from cold (right hand)
Scrolls
 c - a scroll of identify {unknown}
 e - a scroll of remove curse {unknown}
Comestibles
 d - 3 rations


   Skills:
 - Level 1.0 Fighting
 - Level 1.5 Dodging
 + Level 3.9 Unarmed Combat
 - Level 2.0 Spellcasting
 + Level 3.2 Transmutations


You had 5 spell levels left.
You knew the following spells:

 Your Spells              Type           Power        Failure   Level  Hunger
a - Beastly Appendage     Tmut           #.....       7%          1    ##.....

Your spell library contained the following spells:

 Spells                   Type           Power        Failure   Level  Hunger
 Sticks to Snakes         Tmut           #.......     11%         2    ###....
 Spider Form              Tmut/Pois      #.........   36%         3    ####...
 Ice Form                 Ice/Tmut       #.......     78%         4    #####..
 Blade Hands              Tmut           #.........   88%         5    ######.


Dungeon Overview and Level Annotations

Branches:
Dungeon (2/15)

Altars:


Innate Abilities, Weirdness & Mutations

You cannot wear boots.
Your serpentine skin is tough. (AC +1)
You have supernaturally acute eyesight. (SInv)
Armour fits poorly on your strangely shaped body.
Your system is resistant to poisons. (rPois)
You cover ground very slowly.
You have a slow metabolism.
You can spit poison.
You have a pair of horns on your head.


Message History

You feel invigorated.
The bat skeleton hits you but does no damage. x2
The gnoll hits you but does no damage. The gnoll hits you with a +0 club!
The gnoll hits you from afar with a +0 spear.
The bat skeleton hits you but does no damage.
The gnoll hits you with a +0 spear.
* * * LOW HITPOINT WARNING * * *
The goblin hits you.
* * * LOW HITPOINT WARNING * * *
You're too confused!
You're too confused!
You aren't carrying any potions.
Unknown command.
You barely miss the goblin. The bat skeleton barely misses you.
The bat skeleton closely misses you.
The gnoll hits you from afar with a cursed -3 spear.
The gnoll hits you from afar with a +0 spear!
* * * LOW HITPOINT WARNING * * *
The gnoll barely misses you. The gnoll hits you with a +0 spear!
You die...

> . .## .. ..
########## #. ... #.
#........# ..
..#.####..gg..... #
........@gr..... #..
##.###.Zgg....P #.#
#....<........ #.#
###.(##..[....##
###.#####....##.......#
...........#.##########
###.##.....#.#
....##.....#..
##.........##.#


You could see 4 gnolls, a goblin, a rat and a bat skeleton.

Vanquished Creatures
  2 adders (D:2)
  An adder zombie (D:2)
  2 dart slugs (D:1)
  3 leopard geckos (D:1)
  A bat skeleton (D:2)
  A bat zombie (D:2)
  A giant cockroach (D:1)
  2 goblins (D:1)
  3 hobgoblins
  4 jackals (D:1)
  3 ball pythons (D:1)
  A bat (D:1)
  A kobold (D:1)
  A leopard gecko zombie (D:2)
  A rat (D:1)
27 creatures vanquished.

Notes
Turn   | Place    | Note
-------+----------+-------------------------------------------
     0 | D:1      | DogServant the Naga Transmuter began the quest for the Orb.
     0 | D:1      | Reached XP level 1. HP: 18/18 MP: 3/3
   453 | D:1      | Reached XP level 2. HP: 25/25 MP: 5/5
   960 | D:1      | Reached XP level 3. HP: 26/31 MP: 6/6
  1941 | D:2      | Slain by a gnoll

Illustrated notes

Levels and vault maps discovered:
D:1:      saegor_arrival_simple_a, layout_loops_ring, minmay_shallow_snake_nest
D:2:      layout_rooms, serial_undead, serial_undead_a, serial_undead_b,
          serial_undead_e, serial_undead_c, serial_undead_f, serial_undead_b

Skill      XL: |  1  2  3 |
---------------+----------+-----
Transmutations | 3 |  3.2
Fighting       | |  1.0
Dodging        | |  1.5
Unarmed Combat | |  3.9
Spellcasting   | |  2.0

Action                   || total
-------------------------++-------
Melee: Unarmed           ||    96
       Headbutt          ||     4
       Punch             ||     1
 Cast: Beastly Appendage ||    11
 Abil: Spit Poison       ||    12
  Use: Potion            ||     3
 Stab: Sleeping          ||     1
  Eat: Chunk             ||     2
Armor: Robe              ||    28
Dodge: Dodged            ||    78
